 Dungeon Crawl Stone Soup version 0.17.0-57-g0e89251 (webtiles) character file.

42653 lucasterio the Severer (level 13, -10/113 HPs)
             Began as a Mottled Draconian Berserker on Dec 8, 2015.
             Was the Champion of Trog.
             Mangled by a merfolk
             ... wielding a +0 trident
              (17 damage)
             ... on level 5 of the Lair of Beasts.
             The game lasted 01:31:03 (20747 turns).

lucasterio the Severer (DrBe)                      Turns: 20747, Time: 01:31:03

Health: -10/113    AC: 17    Str: 24    XL:     13   Next: 86%
Magic:  4/4        EV: 21    Int:  4    God:    Trog [******]
Gold:   1044       SH:  0    Dex: 22    Spells: 0 memorised, 12 levels left

rFire  + . .     SeeInvis +     x - +1 executioner's axe (antimagic)
rCold  x . .     Clarity  .     (armour unavailable)
rNeg   . . .     SustAt   .     (shield currently unavailable)
rPois  .         Gourm    .     H - +0 hat
rElec  .         Spirit   .     B - +2 cloak "Koxy" {Int-4 Dex+11}
rCorr  .         Warding  .     t - +2 pair of gloves
rMut   .         Stasis   .     S - +2 pair of boots {run}
MR     .....                    (no amulet)
Stlth  ++........               C - ring of fire
                                O - ring of see invisible

@: mesmerised, quick, not resistant to hostile enchantments, unstealthy
A: breathe sticky flame splash, unfitting armour, cold-blooded, AC +8
a: Breathe Sticky Flame, Berserk, Trog's Hand, Brothers in Arms, Burn
Spellbooks, Renounce Religion


You were on level 5 of the Lair of Beasts.
You worshipped Trog.
Trog was exalted by your worship.
You were very hungry.

You visited 2 branches of the dungeon, and saw 17 of its levels.
You also visited: Volcano.

You collected 1272 gold pieces.
You spent 228 gold pieces at shops.

Inventory:

Hand Weapons
 h - a +0 shortbow of evasion
 j - a +4 antimagic quarterstaff
 x - a +1 antimagic executioner's axe (weapon)
 P - a +0 halberd of flaming
 U - a +2 battleaxe of venom
Missiles
 a - 8 javelins of returning (quivered)
 s - 490 arrows
Armour
 t - a +2 pair of gloves (worn)
 B - the +2 cloak "Koxy" (worn) {Int-4 Dex+11}
   (You found it on level 5 of the Dungeon)

   It affects your intelligence (-4).
   It affects your dexterity (+11).
 H - a +0 hat (worn)
 S - a +2 pair of boots of running (worn)
Rods
 e - a -2 rod of the swarm (10/10)
   (You found it on level 4 of the Lair of Beasts)
Jewellery
 C - a ring of fire (right hand)
 O - a ring of see invisible (left hand)
Wands
 r - a wand of paralysis (3)
 v - a wand of polymorph (10)
 D - a wand of random effects (26)
 G - a wand of cold (3)
 T - a wand of magic darts (27)
 Z - a wand of disintegration (7)
Scrolls
 d - 2 scrolls of fog
 f - 3 scrolls of teleportation
 k - 5 scrolls of enchant weapon
 l - a scroll of fear
 o - 7 scrolls of identify
 q - 2 scrolls of enchant armour
 u - 7 scrolls of remove curse
 y - a scroll of random uselessness {unknown}
 E - a scroll of magic mapping {unknown}
 J - 2 scrolls of recharging
 W - a scroll of holy word {unknown}
Potions
 c - 2 potions of magic {unknown}
 g - a potion of might {unknown}
 n - 7 potions of curing
 p - a potion of invisibility {unknown}
 w - a potion of heal wounds
 z - 5 potions of resistance
 A - 2 potions of agility {unknown}
 K - a potion of flight {unknown}
 L - a potion of haste
 M - 2 potions of cancellation {unknown}
 N - 2 potions of mutation {unknown}
Comestibles
 b - 9 bread rations
 i - 8 meat rations
 m - 2 beef jerkies
 F - 10 slices of pizza
 I - 12 royal jellies


   Skills:
 - Level 9.8 Fighting
 * Level 19.4 Axes
 - Level 9.0 Dodging


You had 12 spell levels left.
You didn't know any spells.

Dungeon Overview and Level Annotations

Branches:
Dungeon (12/15)            Temple (0/1) D:4            Lair (5/8) D:10
 Spider (0/4) Lair:5          Orc (0/4) D:12
  Swamp: Lair:3-6    Shoals: Lair:3-6

Altars:
Fedhas
Okawaru

Shops:
D:4 *   D:5 (

Annotations:
Lair:5 exclusion: 3 oklob plants


Innate Abilities, Weirdness & Mutations

You can spit globs of burning liquid.
You can ignite nearby creatures when you spit burning liquid.
Your weird mottled scales are hard (AC +8).
Your body does not fit into most forms of armour.
You are cold-blooded and may be slowed by cold attacks.


Message History

The griffon claws you but does no damage.
You slash the merfolk!
The merfolk is lightly wounded.
You slice the griffon!!
You kill the griffon!
Trog accepts your kill.
You hit the merfolk.
The merfolk is lightly wounded.
The merfolk misses you. The merfolk hits you with a trident!
* * * LOW HITPOINT WARNING * * *
The siren closely misses you.
You slice the merfolk!!
The merfolk is heavily wounded.
You closely miss the merfolk.
The merfolk is lightly wounded.
The merfolk hits you with a trident!
* * * LOW HITPOINT WARNING * * *
The siren chants its luring song.
The merfolk hits you with a trident!
You die...

.#....## ..# .......
.......### #...#..
........#.. ## # ........#. #
.# .........≈ ##.# ###
<........###.... .P#...
........m....... ......
....?.$mm..<.... ....(
#.....@#...# ....# ##.#P...#
### ....#### .####...## ...#
....#P.# .#.##P.## #####...#
....##.##........####P.#..#.?
.............................
.).##..........###.##.....#.
.#####......#..#####..PP##.#
... ## ##.÷...#.....#####.###
#...


You could see 2 merfolk and a siren.

Vanquished Creatures
  Gastronok (Lair:2)
  Josephine (D:11)
  5 hydras
  A centaur warrior (D:12)
  A queen ant (Lair:4)
  2 hill giants
  A lindwurm (Volcano)
  A griffon (Lair:5)
  5 elephants (Lair:4)
  A black mamba (Lair:2)
  6 spiny frogs
  A gargoyle (D:10)
  4 molten gargoyles (Volcano)
  A troll (D:10)
  6 komodo dragons
  A fire drake (Lair:2)
  A queen bee (Lair:4)
  A polar bear (Lair:4)
  2 two-headed ogres
  8 blink frogs (Lair:3)
  2 deep elf magi
  4 fire elementals (Volcano)
  Sigmund (D:3)
  A spriggan (D:12)
  5 wraiths
  3 basilisks
  45 yaks
  2 wyverns
  4 vampire mosquitoes (D:12)
  7 hippogriffs
  5 water moccasins
  6 soldier ants (Lair:4)
  10 wolves
  8 porcupines
  A black bear (D:12)
  8 spiders (Lair:5)
  15 centaurs
  3 orc warriors
  3 phantoms
  3 ice beasts
  3 sky beasts
  9 crocodiles
  A necrophage (D:9)
  6 ogres
  2 big kobolds
  2 gnoll sergeants
  13 giant frogs
  A wyvern zombie (D:7)
  A scorpion (D:6)
  22 killer bees
  13 wights
  7 crimson imps
  A giant frog zombie (D:12)
  12 hounds
  A gnoll shaman (D:7)
  9 orc wizards
  Crazy Yiuf (D:2)
  A giant frog skeleton (D:12)
  10 orc priests
  3 jellies
  4 centaur skeletons
  7 iguanas
  34 worker ants
  5 sheep (Lair:1)
  2 hound zombies
  2 hound skeletons
  15 adders
  14 gnolls
  44 river rats
  3 shadow imps
  3 adder zombies
  2 worms
  An adder skeleton (D:9)
  5 giant geckos
  30 orcs
  3 ball pythons
  6 giant cockroaches
  11 hobgoblins
  2 quokkas (D:3)
  8 bats
  A giant gecko skeleton (D:4)
  8 giant newts
  8 goblins
  6 jackals
  14 kobolds
  2 quokka skeletons
  7 rats
  A fire vortex (Volcano)
  2 fungi
554 creatures vanquished.

Vanquished Creatures (others)
  6 fungi
  4 plants
10 creatures vanquished.

Grand Total: 564 creatures vanquished

Notes
Turn   | Place    | Note
--------------------------------------------------------------
     0 | D:1      | lucasterio the Draconian Berserker began the quest for the Orb.
     0 | D:1      | Reached XP level 1. HP: 19/19 MP: 1/1
   245 | D:1      | Reached XP level 2. HP: 19/26 MP: 2/2
   596 | D:1      | Reached ** piety under Trog
   733 | D:1      | Reached XP level 3. HP: 23/31 MP: 3/3
  1296 | D:2      | Reached skill level 4 in Axes
  1321 | D:2      | Found a blossoming altar of Fedhas.
  1477 | D:2      | Noticed Crazy Yiuf
  1485 | D:2      | Killed Crazy Yiuf
  1485 | D:2      | Reached XP level 4. HP: 28/40 MP: 4/4
  1901 | D:3      | Noticed Sigmund
  1914 | D:3      | Killed Sigmund
  1914 | D:3      | Reached skill level 5 in Axes
  1914 | D:3      | Reached XP level 5. HP: 47/47 MP: 5/5
  1914 | D:3      | Reached XP level 6. HP: 53/53 MP: 6/6
  2695 | D:4      | Found a staircase to the Ecumenical Temple.
  2788 | D:4      | Reached skill level 5 in Fighting
  2811 | D:4      | Reached skill level 6 in Axes
  3241 | D:4      | Found Fijeehex's General Store.
  3254 | D:4      | Your scales start taking on a weird mottled colour.
  3254 | D:4      | Reached XP level 7. HP: 61/61 MP: 7/7
  3263 | D:4      | Bought a scroll of identify for 24 gold pieces
  3263 | D:4      | Bought a scroll of identify for 24 gold pieces
  3403 | D:5      | Entered Level 5 of the Dungeon
  3926 | D:5      | Reached *** piety under Trog
  4015 | D:5      | Found Faluissieg's Antique Weapon Shop.
  4037 | D:5      | Got an ancient cloak
  4043 | D:5      | Identified the +2 cloak "Koxy" {Int-4 Dex+11} (You found it on level 5 of the Dungeon)
  4174 | D:5      | Reached skill level 7 in Axes
  4602 | D:6      | Reached skill level 5 in Dodging
  4602 | D:6      | Reached XP level 8. HP: 66/70 MP: 8/8
  5086 | D:6      | Reached skill level 8 in Axes
  5268 | D:6      | Noticed a two-headed ogre
  5275 | D:6      | Killed a two-headed ogre
  5568 | D:7      | Reached skill level 9 in Axes
  5618 | D:7      | Reached XP level 9. HP: 67/79 MP: 9/9
  6408 | D:4      | Bought an uncursed ring of see invisible for 180 gold pieces
  7023 | D:8      | Reached skill level 10 in Axes
  7537 | D:8      | Reached **** piety under Trog
  7982 | D:9      | Reached XP level 10. HP: 55/90 MP: 10/10
  8352 | D:9      | Found an iron altar of Okawaru.
  8927 | D:10     | Entered Level 10 of the Dungeon
  8968 | D:10     | Reached skill level 11 in Axes
  9107 | D:10     | Noticed a hill giant
  9108 | D:10     | Found a staircase to the Lair.
  9151 | D:9      | Killed a hill giant
  9721 | D:9      | Reached ***** piety under Trog
 10061 | D:10     | Reached skill level 12 in Axes
 10088 | D:10     | Identified a +2 pair of boots of running (You found it on level 10 of the Dungeon)
 10757 | Lair:1   | Entered Level 1 of the Lair of Beasts
 10764 | Lair:1   | Reached XP level 11. HP: 72/99 MP: 11/11
 11005 | Lair:1   | Noticed an eight-headed hydra
 11319 | D:11     | Received a gift from Trog
 11405 | D:11     | Noticed Josephine
 11427 | D:11     | Killed Josephine
 11427 | D:11     | Reached skill level 13 in Axes
 12498 | D:12     | Noticed a centaur warrior
 12516 | D:12     | Killed a centaur warrior
 12516 | D:12     | Reached skill level 14 in Axes
 12709 | D:12     | Received a gift from Trog
 12873 | D:12     | Noticed a hill giant
 12907 | D:12     | Killed a hill giant
 13130 | D:12     | Found a staircase to the Orcish Mines.
 13193 | D:12     | Reached XP level 12. HP: 70/106 MP: 12/12
 13580 | D:12     | Reached skill level 15 in Axes
 14045 | Lair:1   | Killed an eight-headed hydra
 14622 | Lair:2   | Noticed a seven-headed hydra
 14650 | Lair:2   | HP: 2/106 [seven-headed hydra (4)]
 15215 | Lair:2   | Reached skill level 16 in Axes
 15419 | Lair:2   | Noticed an eight-headed hydra
 15591 | Lair:2   | Received a gift from Trog
 16088 | Lair:2   | Noticed Gastronok
 16124 | Lair:2   | Killed Gastronok
 16124 | Lair:2   | Reached skill level 17 in Axes
 16154 | Lair:2   | Killed a seven-headed hydra
 17081 | Lair:2   | Killed an eight-headed hydra
 17224 | Lair:2   | Noticed a six-headed hydra
 17233 | Lair:2   | Killed a six-headed hydra
 17233 | Lair:2   | Reached XP level 13. HP: 44/113 MP: 4/13
 17830 | Lair:3   | Found a frozen archway.
 18113 | Lair:3   | Received a gift from Trog
 18390 | Lair:4   | Reached skill level 18 in Axes
 18528 | Lair:4   | Reached ****** piety under Trog
 19114 | Lair:4   | Received a gift from Trog
 19909 | Lair:5   | Found a hole to the Spider Nest.
 19914 | Lair:5   | Reached skill level 19 in Axes
 20025 | Lair:5   | Found a dark tunnel.
 20031 | Volcano  | Entered a volcano
 20747 | Lair:5   | Mangled by a merfolk

Action                   |  1- 3 |  4- 6 |  7- 9 | 10-12 | 13-15 || total
-------------------------+-------+-------+-------+-------+-------++-------
Melee: Hand axe          |   104 |   176 |   557 |   514 |       ||  1351
       Battleaxe         |       |       |       |   319 |   192 ||   511
       Quarterstaff      |       |       |       |    28 |    18 ||    46
       Executioner's axe |       |       |       |       |   116 ||   116
       Halberd           |       |       |       |       |    10 ||    10
 Fire: Shortbow          |       |       |       |     5 |       ||     5
Invok: Berserk           |     2 |     2 |     2 |     9 |     5 ||    20
       Trog's Hand       |       |     1 |       |     3 |       ||     4
       Burn Spellbooks   |       |       |     1 |     3 |     1 ||     5
       Brothers in Arms  |       |       |       |     1 |       ||     1
 Abil: Breathe Sticky Fl |       |       |     3 |    20 |     1 ||    24
Evoke: Wand              |       |       |       |    11 |       ||    11
  Use: Scroll            |       |       |     1 |    11 |     5 ||    17
       Potion            |       |       |       |     3 |       ||     3
 Stab: Sleeping          |     1 |     1 |     5 |     2 |     3 ||    12
       Distracted        |       |     1 |     1 |     2 |     1 ||     5
  Eat: Chunk             |     3 |     8 |    17 |    38 |    11 ||    77
       Royal jelly       |       |       |     1 |     1 |     1 ||     3
       Beef jerky        |       |       |       |     1 |     2 ||     3
